Unix NetHack Version 5.0.0-0 post-release - last build Jul 19 2026 19:10:59 (3aa4ab31751d3886436d94b585a96704892fd477,branch:main).

Game began 2026-07-27 00:35:52, ended 2026-07-27 00:57:05.

HumaRuntu, chaotic female orcish Wizard

       -----
       |...|
       |...|
       |...---------
      --.|.........-
      |..|--------..
      |.--     -..--
      |.|      ..).|
    ---.|       .....
    |*..|       .@.f-.
    |.---       ..h..G
                .../..

HumaRuntu the Conjurer    St:9 Dx:14 Co:15 In:16 Wi:10 Ch:11  Chaotic
Dlvl:3  $:50 HP:0(24) Pw:0(19) AC:9  Xp:3 T:1257 

Latest messages:
 The spell misses the jackal.
 The jackal bites!
 In what direction? j
 The spell hits the jackal!
 You kill the jackal!
 The spell hits the newt!
 You kill the newt!
 v - a scroll labeled KERNOD WEL.
 The jackal bites!
 You see here a newt corpse.
 The jackal bites!
 You kill the jackal!
 There is a newt corpse here; eat it? [ynq] (n) y
 This newt corpse is stringy.
 You finish eating the newt corpse.
 You feel a mild buzz.
 You see here a violet gem.
 You descend the stairs.
 There is a branch staircase up to the Dungeons of Doom here.
 You see here a violet gem.
 You kill the gnome!
 Welcome to experience level 3.
 You hit the gnome.
 You kill the gnome!
 The gnome hits!
 In what direction? b
 The spell hits the gnome!
 You kill the gnome!
 The dwarf throws a dagger!
 You are hit by a dagger.
 In what direction? n
 The spell hits the dwarf!
 The spell hits the dwarf!
 You kill the dwarf!
 $ - 11 gold pieces (50 in total).
 w - a candy bar.
 You kill the gnome!
 Your kitten eats a dwarf corpse.
 The dwarf wields a dagger!
 You hit the dwarf!
 The dwarf thrusts her dagger.
 The dwarf hits!
 The gnome throws a dart!
 The dart misses the dwarf.
 You are hit by a dart.
 The dwarf thrusts her dagger.
 The dwarf hits!
 You die...
 Do you want your possessions identified? [ynq] (y) y
 Do you want to see your attributes? [ynq] (y) q

Inventory:
 Coins    ('$')
  $ - 50 gold pieces
 Weapons  (')')
  a - a blessed +1 quarterstaff (weapon in hands)
 Armor    ('[')
  b - an uncursed +0 cloak of magic resistance (being worn)
 Comestibles  ('%')
  w - an uncursed candy bar labeled "Om-nom"
  r - 3 uncursed food rations
  p - 2 uncursed lichen corpses
 Scrolls  ('?')
  o - an uncursed scroll of fire
  v - an uncursed scroll of identify
  k - an uncursed scroll of light
  j - an uncursed scroll of punishment
  i - a blessed scroll of remove curse
  q - an uncursed scroll of teleportation
 Spellbooks  ('+')
  s - an uncursed spellbook of detect food
  l - a blessed spellbook of force bolt
  m - an uncursed spellbook of healing
 Potions  ('!')
  h - an uncursed potion of extra healing
  t - an uncursed potion of healing
  g - an uncursed potion of invisibility
  f - an uncursed potion of monster detection
 Rings    ('=')
  e - an uncursed ring of polymorph control
  d - an uncursed ring of slow digestion (on left hand)
  u - an uncursed ring of sustain ability (on right hand)
 Wands    ('/')
  c - a wand of make invisible (0:4)
 Tools    ('(')
  n - a magic marker (0:20)

HumaRuntu the Wizard's attributes:

Background:
 You were a Conjurer, a level 3 female orcish Wizard.
 You were chaotic, nominally on a mission for Anhur
 who was opposed by Ptah (lawful) and Thoth (neutral).
 You were left-handed.
 You were in the Gnomish Mines, on level 3.
 You entered the dungeon 1257 turns ago.
 It was the midnight hour.
 You had 71 experience points, 9 more were needed to attain level 4.

Basics:
 You had 0 out of 24 hit points.
 You had 0 out of 19 energy points (spell power).
 Your armor class was 9.
 Your wallet contained 50 zorkmids.
 Autopickup was on for '$?!/="+' plus thrown.

Final Characteristics:
 Your strength was 9 (limit:18/50).
 Your dexterity was 14 (limit:18).
 Your constitution was 15 (limit:18).
 Your intelligence was 16 (limit:16).
 Your wisdom was 10 (limit:16).
 Your charisma was 11 (limit:16).

Final Status:
 You weren't hungry.
 You were unencumbered.
 You were wielding a quarterstaff.
 You had basic skill with quarterstaff.

Final Attributes:
 You were devoutly aligned.
 You were magic-protected.
 You were poison resistant.
 You had infravision.
 You had slower digestion.
 You were warded.
 You had fixed abilities.
 You are dead.

Miscellaneous:
 You didn't encounter any bones levels.
 Total elapsed playing time was 21 minutes and 12 seconds.

Major events:
 Turn
    1: HumaRuntu the chaotic female orcish Wizard entered the dungeon
 1209: entered the Gnomish Mines
 1236: attained the rank of Conjurer (level 3)
 1257: killed by a dwarf

Spells:
 Name                 Level Category     Fail Retention
 force bolt             1   attack         0%  91%-100%
 healing                1   healing        0%  76%-100%

Skills:
 Fighting Skills
   bare handed combat [Unskilled]
   riding             [Unskilled]
 Weapon Skills
   dagger             [Unskilled]
   knife              [Unskilled]
   axe                [Unskilled]
   short sword        [Unskilled]
   club               [Unskilled]
   mace               [Unskilled]
   quarterstaff       [Basic]
   polearms           [Unskilled]
   spear              [Unskilled]
   trident            [Unskilled]
   sling              [Unskilled]
   dart               [Unskilled]
   shuriken           [Unskilled]
 Spellcasting Skills
   attack spells      [Basic]
   healing spells     [Unskilled]
   divination spells  [Unskilled]
   enchantment spells [Basic]
   clerical spells    [Unskilled]
   escape spells      [Unskilled]
   matter spells      [Unskilled]

Voluntary challenges:
 Character rerolling was not enabled.
 You were an atheist.
 You were illiterate.
 You never genocided any monsters.
 You never polymorphed an object.
 You never changed form.
 You used no wishes.
Achievements:
 You entered the Gnomish Mines.
 You attained the rank of Conjurer.

 The Dungeons of Doom: levels 1 to 3
    Level 1:
    Level 2:
       Stairs down to The Gnomish Mines.
    Level 3:
       A fountain.
 The Gnomish Mines:
    Level 3: <- You were here.
       Final resting place for
          you, killed by a dwarf.


Vanquished creatures:
  a dwarf
  a hobbit
  a giant rat
  4 gnomes
  3 geckos
  2 jackals
  2 foxes
  2 kobolds
  a goblin
  4 grid bugs
  4 lichens
  4 newts
29 creatures vanquished.

No species were genocided or became extinct.

Game over:
                       ----------
                      /          \
                     /    REST    \
                    /      IN      \
                   /     PEACE      \
                  /                  \
                  |    HumaRuntu     |
                  |      50 Au       |
                  |   killed by a    |
                  |      dwarf       |
                  |                  |
                  |                  |
                  |       2026       |
                 *|     *  *  *      | *
        _________)/\\_//(\/(/\)/\//\/|_)_______

Goodbye HumaRuntu the Wizard...

You died in The Gnomish Mines on dungeon level 3 with 429 points,
and 50 pieces of gold, after 1257 moves.
You were level 3 with a maximum of 24 hit points when you died.

